 Dungeon Crawl Stone Soup version 0.28-a0-595-g9f6c0e134a (webtiles) character file.

Game seed: 14457087070487386997

28856 Spaninq the Summoner (level 13, -2/103 HPs)
             Began as a Barachi Summoner on Oct 3, 2021.
             Was an Initiate of Gozag.
             Shot with an arrow by Nessos (14 damage)
             ... on level 12 of the Dungeon on Oct 4, 2021.
             The game lasted 01:40:49 (19242 turns).

Spaninq the Summoner (Barachi Summoner)            Turns: 19242, Time: 01:40:49

Health: -2/103     AC:  9    Str: 11    XL:     13   Next: 41%
Magic:  27/38      EV: 12    Int: 20    God:    Gozag
Gold:   2152       SH:  0    Dex: 12    Spells: 21/36 levels left

rFire   . . .      SeeInvis +   p - +4 quarterstaff (chaos)
rCold   . . .      Faith    .   (shield currently unavailable)
rNeg    . . .      Spirit   .   L - +0 steam dragon scales
rPois   +          Reflect  .   q - +0 helmet
rElec   +          Harm     .   o - +1 cloak {rPois}
rCorr   .          Rampage  .   K - +0 pair of gloves
Will    +....                   (no boots)
Stlth   ++........              F - amulet of magic regeneration
HPRegen 0.27/turn               t - ring of magical power
MPRegen 0.51/turn               a - ring of Circularity {*Slow rElec Will+ SInv}

@: unable to hop, slow
A: amphibious, slowness 1, strong legs 2, +LOS
a: Hop, Renounce Religion, Potion Petition, Call Merchant, Bribe Branch


You were on level 12 of the Dungeon.
You worshipped Gozag.
Gozag was most pleased with you.
You visited 2 branches of the dungeon, and saw 13 of its levels.
You also visited: Bailey.

You collected 3475 gold pieces.
You spent 588 gold pieces at shops.
You paid 735 gold pieces to Gozag.

Inventory:

Hand Weapons
 d - a +0 trident
 p - a +4 quarterstaff of chaos (weapon)
 B - a +1 falchion of flaming
Missiles
 G - 3 throwing nets
Armour
 o - a +1 cloak of poison resistance (worn)
 q - a +0 helmet (worn)
 C - a scarf of shadows
 K - a +0 pair of gloves (worn)
 L - +0 steam dragon scales (worn)
Magical Staves
 P - a staff of conjuration
Jewellery
 a - the ring of Circularity (right hand) {*Slow rElec Will+ SInv}
   (You acquired it on level 8 of the Dungeon)

   [ring of see invisible]

   rElec:     It insulates you from electricity.
   SInv:      It lets you see invisible.
   *Slow:     It may slow you when you take damage.
   Will:      It increases your willpower.
 i - a ring of ice
 l - a ring of protection from fire
 t - a ring of magical power (left hand)
 F - an amulet of magic regeneration (around neck)
 M - a ring of ice
 N - a ring of protection from fire
 O - the ring "Veyxaf" {+Blink rCorr MP+9 Int-3 Slay+4}
   (You found it on level 11 of the Dungeon)

   [ring of magical power]

   Int:       It affects your intelligence (-3).
   Slay:      It affects your accuracy & damage with ranged weapons and melee
   (+4).
   MP:        It affects your magic capacity (+9).
   +Blink:    It lets you blink.
   rCorr:     It protects you from acid and corrosion.
 U - a +4 ring of evasion
Wands
 n - a wand of flame (17)
 s - a wand of polymorph (16)
 y - a wand of charming (6)
 E - a wand of mindburst (5)
 I - a wand of acid (13)
 J - a wand of iceblast (12)
Scrolls
 c - 3 scrolls of immolation
 f - 3 scrolls of enchant armour
 j - 6 scrolls of amnesia
 k - 3 scrolls of teleportation
 m - 2 scrolls of magic mapping
 w - 2 scrolls of blinking
 x - a scroll of fear
 Q - a scroll of enchant weapon
 V - a scroll of brand weapon {unknown}
Potions
 b - 3 potions of lignification
 e - 2 potions of mutation
 g - 3 potions of attraction
 h - a potion of cancellation {unknown}
 r - a potion of brilliance {unknown}
 u - 2 potions of invisibility
 v - 2 potions of heal wounds
 z - 2 potions of ambrosia
 A - 2 potions of haste
 D - 6 potions of might
 H - 3 potions of curing
 T - 3 potions of magic {unknown}
Miscellaneous
 R - a condenser vane


   Skills:
 + Level 10.2 Fighting
 - Level 2.1 Dodging
 - Level 1.7 Stealth
 * Level 12.2 Spellcasting
 - Level 4.4 Conjurations
 * Level 14.7 Summonings
 * Level 12.9 Air Magic


You had 21 spell levels left.
You knew the following spells:

 Your Spells              Type           Power      Damage    Failure   Level
a - Apportation           Tloc           24%        N/A       5%          1
b - Call Imp              Summ           63%        N/A       1%          2
c - Shock                 Conj/Air       100%       1d9       1%          1
d - Call Canine Familiar  Summ           63%        N/A       1%          3
e - Summon Lightning Spi  Summ/Air       61%        N/A       1%          4
f - Airstrike             Air            29%        N/A       1%          4

Your spell library contained the following spells:

 Spells                   Type           Power      Damage    Failure   Level
 Summon Small Mammal      Summ           100%       N/A       0%          1
 Magic Dart               Conj           100%       1d8       1%          1
 Corpse Rot               Necr/Air       N/A        N/A       1%          2
 Poisonous Vapours        Pois/Air       76%        N/A       1%          2
 Searing Ray              Conj           60%        2d6       1%          2
 Summon Guardian Golem    Hex/Summ       41%        N/A       1%          3
 Swiftness                Air            59%        N/A       1%          3
 Beastly Appendage        Tmut           24%        N/A       5%          1
 Conjure Flame            Conj/Fire      21%        6-21      7%          3
 Summon Forest            Summ/Tloc      20%        N/A       8%          5
 Blink                    Tloc           N/A        N/A       9%          2
 Ensorcelled Hibernation  Hex/Ice        24%        N/A       9%          2
 Scorch                   Fire           24%        2d6       9%          2
 Summon Hydra             Summ           31%        N/A       11%         7
 Gell's Gravitas          Tloc           6%         N/A       17%         3
 Lesser Beckoning         Tloc           12%        N/A       17%         3
 Ozocubu's Armour         Ice            12%        N/A       17%         3
 Spider Form              Tmut/Pois      6%         N/A       17%         3
 Teleport Other           Tloc           12%        N/A       17%         3
 Fulminant Prism          Conj/Hex       10%        3d9       22%         4
 Dispel Undead            Necr           12%        3d9       50%         4
 Alistair's Intoxication  Tmut/Pois      8%         N/A       83%         5
 Manifold Assault         Tloc           12%        N/A       83%         5
 Storm Form               Tmut/Air       19%        N/A       97%         7
 Death Channel            Necr           6%         N/A       100%        6
 Eringya's Noxious Bog    Tmut/Pois      6%         N/A       100%        6
 Invisibility             Hex            6%         N/A       100%        6
 Ozocubu's Refrigeration  Ice            6%         4d6       100%        7


Dungeon Overview and Level Annotations

Branches:
Dungeon (12/15)            Temple (1/1) D:6            Lair (0/6) D:11
    Orc (0/2) D:12         Bailey (visited)

Altars:
Ashenzari
Cheibriados
Dithmenos
Elyvilon
Fedhas
Gozag
Hepliaklqana
Kikubaaqudgha
Makhleb
Nemelex Xobeh
Okawaru
Qazlal
Ru
Sif Muna
Trog
Uskayaw
Vehumet
Wu Jian
Xom
Yredelemnul
Zin
The Shining One
Beogh

Shops:
D:5 :   D:12 (

Annotations:
D:4 exclusion: 2 killer bees
D:12 Nessos


Innate Abilities, Weirdness & Mutations

You are amphibious.
You cover ground slowly.
You can hop long distances.
You have an extended range of vision and can be seen from far away.


Message History

Press: ? - help, Dir - move target, f - Nessos
Aim: Nessos, wielding a +1 longbow of flaming, wearing a +1 barding and quivering arrows (lightly wounded, fast, ally target, empty space bonus: 8/8)
The air twists around and strikes Nessos!
Nessos is moderately wounded.
Nessos shoots an arrow.
The arrow barely misses you.
Nessos shoots an arrow.
The arrow barely misses you.
Casting: Airstrike (safe; 1% risk of failure)
Confirm with . or Enter, or press ? or * to list all spells.
Aiming: Airstrike (safe; 1% risk of failure)
Press: ? - help, Dir - move target, f/p - Nessos
Aim: Nessos, wielding a +1 longbow of flaming, wearing a +1 barding and quivering arrows (moderately wounded, fast, ally target, empty space bonus: 8/8)
The air twists around and strikes Nessos!!
Nessos is heavily wounded.
Nessos is no longer moving quickly.
Nessos shoots an arrow.
The arrow closely misses your warg. The arrow hits you!! The arrow burns you.
You are poisoned.
* * * LOW HITPOINT WARNING * * *
You feel better.
Nessos shoots an arrow.
The arrow hits you!!
* * * LOW HITPOINT WARNING * * *
The arrow burns you.
* * * LOW HITPOINT WARNING * * *
Your warg bites Nessos!
Okay, then.
Hop to where?
Press: ? - help, Dir - move target, p - Nessos Boing!
Nessos gestures wildly while chanting.
Nessos seems to speed up.
Your warg bites Nessos!
Casting: Airstrike (safe; 1% risk of failure)
Confirm with . or Enter, or press ? or * to list all spells.
Aiming: Airstrike (safe; 1% risk of failure)
Press: ? - help, Dir - move target, f - Nessos
Aim: Nessos, wearing a +1 barding and quivering arrows (severely wounded, fast, ally target, empty space bonus: 3/8)
The air twists around and strikes Nessos!
Nessos is almost dead.
Nessos intently looks at you, slowly moving their tail.
Nessos wields a +1 longbow of flaming.
It bursts into flame!
Nessos shoots an arrow.
The arrow barely misses your warg. The arrow hits you!
You die...
Your body crumbles into a pile of gold.

*****,,,** #.## *,#.##..#*,
,,,,,,,** #.## **.....#*,,
,,,,,,** ##.# *..#..**,, ,..!.,*
#.# ###......,,, ,....,* #.##
###....#...,,, ,.....*
##.#####......#..#*** ,.....#*
#..##........#..# ,*#....##
#.....##....##..# .##.....####
#..@###8....##..#
...........###..###.......#..#
...............h##..≈≈≈≈≈.#(.##
..##......##..#c.#..≈...≈.....##*
#.###.....#..###...)h.(>≈......##
#.###....##..# ##.).≈c..≈..##....
...#.....##.## ##..≈≈≈≈≈.####...
............# ####(......###..#.
.......$....####.#...##..###uJ##.


You could see Nessos (fast, ally target) and a friendly warg (summoned).

Vanquished Creatures
  A hydra (D:11)
  Fannar (D:10)
  A two-headed ogre (D:11)
  Sonja (D:10)
  Nergalle (D:12)
  A cyclops (D:11)
  2 centaur zombies
  A gargoyle (D:11)
  2 unseen horrors
  Maggie (D:8)
  A troll (D:11)
  A slime creature (D:12)
  A shadow (D:12)
  4 yaks
  A vampire (D:11)
  Eustachio (D:5)
  A water moccasin (D:8)
  4 orc warriors
  A sky beast (D:8)
  A black bear (D:11)
  3 centaurs
  2 wolves (D:8)
  A kobold brigand (D:10)
  A nameless horror (D:7)
  A gnoll sergeant (D:11)
  A scorpion (D:5)
  A wyvern skeleton (D:7)
  2 water moccasin skeletons
  2 killer bees
  An oklob sapling (D:8)
  2 wights (D:9)
  3 howler monkeys
  2 hounds
  2 orc priests (D:7)
  An iguana (D:6)
  3 orc wizards (D:11)
  A howler monkey zombie (D:8)
  3 gnolls
  A howler monkey skeleton (D:7)
  5 adders
  A white imp (D:7)
  An adder skeleton (D:4)
  A dart slug (D:4)
  The ghost of AttackTheMoon the Sneak, a weakling DEDe (D:5)
  18 orcs
  3 bats
  2 giant cockroaches
  3 goblins
  5 hobgoblins
  A jackal (D:2)
  A quokka (D:5)
  2 ball pythons (D:8)
  A frilled lizard (D:2)
  8 kobolds
  6 rats
120 creatures vanquished.

Vanquished Creatures (collateral kills)
  Harold (D:10)
  An ogre mage (D:11)
  A death knight (D:11)
  3 centaur warriors
  A hydra (D:11)
  5 two-headed ogres
  A lindwurm (shapeshifter) (D:9)
  2 orc knights (Bailey)
  A cyclops (D:11)
  A manticore (D:11)
  An oklob plant (D:8)
  Maurice (D:8)
  A centaur zombie (D:10)
  A torpor snail (shapeshifter) (D:11)
  2 gargoyles (D:11)
  A troll (D:10)
  3 hornets
  10 slime creatures
  4 wyverns
  9 yaks
  2 shadows
  5 wraiths
  A vampire (D:11)
  2 basilisks
  4 vampire mosquitoes (D:10)
  Grum (D:8)
  A warg (shapeshifter) (D:11)
  2 acid dragons
  3 orc warriors
  A black bear (D:11)
  2 necrophages
  2 ogres (D:6)
  2 wolves (D:8)
  3 centaurs
  2 kobold brigands
  A scorpion (D:8)
  A gnoll sergeant (D:10)
  A wyvern skeleton (D:6)
  4 killer bees
  7 wights
  4 howler monkeys
  A gnoll shaman (D:5)
  5 orc priests
  Crazy Yiuf (D:2)
  2 iguanas
  Jessica (D:2)
  2 orc wizards (D:9)
  A killer bee zombie (D:8)
  7 adders
  4 gnolls
  A worm (D:2)
  27 orcs
  An endoplasm (D:1)
  2 giant cockroaches
  8 hobgoblins
  A jackal (D:2)
  4 quokkas
  8 ball pythons
  4 bats (D:2)
  3 frilled lizards
  8 goblins
  19 kobolds
  8 rats
219 creatures vanquished.

Vanquished Creatures (others)
  11 plants (D:8)
11 creatures vanquished.

Grand Total: 350 creatures vanquished

Notes
Turn   | Place    | Note
-------+----------+-------------------------------------------
     0 | D:1      | Spaninq the Barachi Summoner began the quest for the Orb.
     0 | D:1      | Reached XP level 1. HP: 13/13 MP: 3/3
    81 | D:1      | You fall into a shaft and drop 1 floor!
   232 | D:1      | Reached skill level 5 in Summonings
   286 | D:1      | Reached XP level 2. HP: 19/20 MP: 1/5
   362 | D:1      | Learned a level 2 spell: Call Imp
   713 | D:1      | Reached skill level 1 in Fighting
  1022 | D:1      | Learned a level 1 spell: Shock
  1300 | D:2      | Noticed Jessica
  1610 | D:2      | Reached XP level 3. HP: 25/26 MP: 3/6
  1614 | D:2      | Learned a level 3 spell: Call Canine Familiar
  1682 | D:2      | Killed Jessica
  1683 | D:2      | Reached skill level 1 in Conjurations
  1686 | D:2      | Reached skill level 1 in Air Magic
  1711 | D:2      | Reached XP level 4. HP: 32/32 MP: 5/8
  2279 | D:2      | Found a runed translucent door.
  2280 | D:2      | Noticed Crazy Yiuf
  2288 | D:2      | Killed Crazy Yiuf
  2289 | D:2      | Reached XP level 5. HP: 37/37 MP: 1/9
  3201 | D:3      | Found a glowing golden altar of the Shining One.
  3203 | D:3      | Found an opulent altar of Gozag.
  3216 | D:3      | Became a worshipper of Gozag Ym Sagoz the Greedy
  3240 | D:3      | Found a shimmering altar of Xom.
  3688 | D:3      | Found a faded altar of an unknown god.
  4298 | D:4      | Noticed a kobold brigand
  4314 | D:4      | Killed a kobold brigand
  4320 | D:4      | Reached skill level 6 in Summonings
  4320 | D:4      | Reached XP level 6. HP: 18/44 MP: 1/11
  5356 | D:5      | Entered Level 5 of the Dungeon
  5356 | D:5      | Noticed a necrophage
  5381 | D:5      | Found a runed translucent door.
  5386 | D:5      | Noticed AttackTheMoon's ghost (weakling DEDe)
  5446 | D:5      | Killed AttackTheMoon's ghost
  5619 | D:5      | Found Kuinakh's Book Emporium.
  5723 | D:5      | Killed a necrophage
  5724 | D:5      | Reached XP level 7. HP: 51/51 MP: 10/12
  6050 | D:5      | Got the Collected Works on Gliding Flames
  6125 | D:5      | Noticed Eustachio
  6212 | D:5      | Killed Eustachio
  6635 | D:6      | Found a staircase to the Ecumenical Temple.
  6641 | Temple   | Entered the Ecumenical Temple
  6766 | D:6      | Reached XP level 8. HP: 36/58 MP: 15/15
  6941 | D:6      | Learned a level 4 spell: Summon Lightning Spire
  7110 | D:6      | Reached skill level 5 in Spellcasting
  7110 | D:6      | Reached skill level 7 in Summonings
  7370 | D:6      | Reached skill level 5 in Air Magic
  7592 | D:6      | Learned a level 4 spell: Airstrike
  7606 | D:5      | Bought a Fen Folio for 588 gold pieces
  7877 | D:7      | Found a snail-covered altar of Cheibriados.
  8619 | D:7      | Noticed a slime creature
  8813 | D:7      | Killed a slime creature
  8814 | D:7      | Reached skill level 8 in Summonings
  8814 | D:7      | Reached XP level 9. HP: 30/66 MP: 11/18
  9077 | D:7      | Found a glowing silver altar of Zin.
  9295 | D:7      | Reached skill level 5 in Fighting
  9535 | D:7      | Reached skill level 9 in Summonings
  9754 | D:8      | Reached XP level 10. HP: 41/76 MP: 12/21
  9755 | D:8      | Noticed Grum
  9761 | D:8      | Killed Grum
  9870 | D:8      | Reached skill level 10 in Summonings
  9906 | D:8      | Noticed Maggie
  9964 | D:8      | Killed Maggie
 10166 | D:8      | Identified a scroll of acquirement
 10166 | D:8      | Acquired the ring of Circularity {*Slow rElec Will+ SInv}
 10412 | D:8      | Found a stormy altar of Qazlal.
 10463 | D:8      | Noticed Maurice
 10764 | D:8      | Killed Maurice
 11261 | D:8      | Noticed an oklob plant
 11457 | D:8      | Killed an oklob plant
 11458 | D:8      | Reached skill level 11 in Summonings
 11695 | D:8      | Got the Compendium of Nature
 12001 | D:9      | Noticed a centaur warrior
 12312 | D:8      | Reached XP level 11. HP: 41/84 MP: 23/23
 13643 | D:9      | Killed a centaur warrior
 13818 | D:9      | Learned a level 1 spell: Apportation
 14049 | D:9      | Noticed a two-headed ogre
 14068 | D:9      | Killed a two-headed ogre
 14070 | D:9      | Noticed a glowing shapeshifter
 14070 | D:9      | a troll changed into a glowing shapeshifter
 14070 | D:9      | Noticed a lindwurm
 14070 | D:9      | a glowing shapeshifter changed into a lindwurm
 14071 | D:9      | Killed a lindwurm
 14277 | D:9      | Reached skill level 10 in Air Magic
 14504 | D:9      | Found a basalt altar of Yredelemnul.
 14640 | D:10     | Entered Level 10 of the Dungeon
 14737 | D:10     | Noticed a centaur warrior
 14745 | D:10     | Killed a centaur warrior
 14746 | D:10     | Reached skill level 12 in Summonings
 15010 | D:10     | Reached skill level 10 in Spellcasting
 15087 | D:10     | Found a shadowy altar of Dithmenos.
 15095 | D:10     | Found a sacrificial altar of Ru.
 15287 | D:10     | Noticed Sonja
 15319 | D:10     | Killed Sonja
 15390 | D:10     | Noticed Harold
 15407 | D:10     | Killed Harold
 15408 | D:10     | Reached XP level 12. HP: 43/94 MP: 23/26
 15728 | D:10     | Noticed a two-headed ogre
 15730 | D:10     | Noticed Fannar
 15733 | D:10     | Killed a two-headed ogre
 15752 | D:10     | Killed Fannar
 15868 | D:10     | Identified the +5 plate armour of Lust {-Tele Harm rN+
                  | rCorr}
 16117 | D:11     | Reached skill level 13 in Summonings
 16167 | D:11     | Noticed a five-headed hydra
 16167 | D:11     | Noticed a centaur warrior
 16775 | D:11     | Killed a centaur warrior
 16925 | D:11     | Killed a five-headed hydra
 16964 | D:11     | Noticed a two-headed ogre
 16968 | D:11     | Killed a two-headed ogre
 17004 | D:11     | Noticed a death knight
 17009 | D:11     | Killed a death knight
 17085 | D:11     | Noticed an ogre mage
 17092 | D:11     | Killed an ogre mage
 17100 | D:11     | Identified the ring "Veyxaf" {+Blink rCorr MP+9 Int-3
                  | Slay+4}
 17109 | D:11     | Noticed a two-headed ogre
 17597 | D:11     | Noticed an eight-headed hydra
 17608 | D:11     | Killed an eight-headed hydra
 17826 | D:11     | Killed a two-headed ogre
 17827 | D:11     | Reached skill level 14 in Summonings
 17827 | D:11     | Gained mutation: You can hop long distances. [Barachi
                  | growth]
 17827 | D:11     | Reached XP level 13. HP: 102/102 MP: 28/28
 18015 | D:11     | Found a staircase to the Lair.
 18272 | D:11     | You fall into a shaft and drop 1 floor!
 18329 | D:11     | Reached skill level 10 in Fighting
 18426 | D:12     | Upgraded the game from 0.28-a0-589-g333b8329f1 to
                  | 0.28-a0-595-g9f6c0e134a
 18434 | D:12     | Found Urotsas's Weapon Shoppe.
 18441 | D:12     | Noticed Nergalle
 18447 | D:12     | Killed Nergalle
 18467 | D:12     | Found a flagged portal.
 18485 | Bailey   | Entered a bailey
 19203 | D:12     | Found a staircase to the Orcish Mines.
 19207 | D:12     | Noticed Nessos
 19242 | D:12     | Shot with an arrow by Nessos

Illustrated notes

Levels and vault maps discovered:
D:1:      lemuel_arrival_rhombus, layout_basic
D:2:      layout_rooms, uniq_crazy_yiuf_cottage, uniq_jessica
D:3:      layout_basic, mainiacjoe_overflow_tiny_flanked,
          chequers_temple_overflow_statue_of_worship,
          hellmonk_ecumenical_altar_defaced_shrine
D:4:      layout_loops_corners, dk_vineyard_1, chequers_serial_rivers_room_a
D:5:      layout_loops_ring, ebering_ghost_sewer_d, serial_shops,
          nicolae_take_the_stairs, grunt_ministairs_5, hangedman_decor_growths,
          uniq_eustachio
D:6:      layout_basic, minmay_temple_entry_gardened_gates, serial_bayou_pond_d
D:7:      lemuel_ratsnest, layout_layer_cave, mainiacjoe_overflow_alcove_4,
          amcnicky_altar_gilded, hangedman_abyss_or_decor_stagger
D:8:      layout_cave_pools, nicolae_qazlal_style_of_elements, st_stairs_1,
          chequers_garden, hangedman_decor_opposing, introduction_to_nature_2,
          uniq_grum, uniq_maurice, uniq_maggie
D:9:      layout_roguey, marbit_many_paths
D:10:     layout_basic, mainiacjoe_overflow_alcove_1, grunt_dithmenos_smoke,
          st_stairs_11, nrook_mini_backslash, kennysheep_generic_room_15,
          uniq_sonja, uniq_harold, uniq_fannar
D:11:     hangedman_cross_cluster, layout_irregular_city, david_lair_generic
D:12:     layout_layer_cave, orc_david_3, enter_bailey_5, uniq_nergalle,
          uniq_jorgrun, uniq_nessos
Temple:   cyrus_circular_temple

Skill      XL: |  1  2  3  4  5  6  7  8  9 10 11 12 13 |
---------------+----------------------------------------+-----
Summonings     | 5 6 8 9 11 12 14 | 14.7
Fighting       | 1 2 3 4 5 7 8 9 10 | 10.2
Conjurations   | 1 2 3 4 |  4.4
Air Magic      | 1 2 3 4 5 7 9 10 12 | 12.9
Spellcasting   | 3 4 6 7 8 10 11 12 | 12.2
Dodging        | |  2.1
Stealth        | |  1.7

Action                   |  1- 3 |  4- 6 |  7- 9 | 10-12 | 13-15 || total
-------------------------+-------+-------+-------+-------+-------++-------
Melee: Trident           |    32 |    30 |       |       |       ||    62
       Quarterstaff      |       |    35 |    52 |    61 |    10 ||   158
 Cast: Summon Small Mamm |    36 |    25 |    27 |       |       ||    88
       Call Imp          |    14 |    24 |    17 |    27 |     2 ||    84
       Call Canine Famil |       |    26 |    32 |    42 |    15 ||   115
       Shock             |       |     2 |    42 |   200 |    57 ||   301
       Summon Lightning  |       |       |    24 |    69 |    23 ||   116
       Airstrike         |       |       |     3 |    15 |    23 ||    41
       Apportation       |       |       |       |     1 |       ||     1
Invok: Potion Petition   |       |       |       |       |     1 ||     1
 Abil: Hop               |       |       |     6 |       |     3 ||     9
  Use: Potion            |       |     2 |       |       |     1 ||     3
       Scroll            |       |       |       |    21 |     4 ||    25
 Stab: Sleeping          |       |     2 |     1 |       |       ||     3
       Distracted        |       |     1 |     2 |       |     1 ||     4
Armor: Robe              |     7 |    13 |     6 |       |       ||    26
       Steam dragon scal |       |       |       |    59 |    24 ||    83
Dodge: Dodged            |    21 |    54 |    53 |    93 |    41 ||   262

Table legend: (Time is in decaauts)
 A = Elapsed time spent in this place.
 B = Non-inter-level travel time spent in this place.
 C = Inter-level travel time spent in this place.
 D = Time resting spent in this place.
 E = Time spent auto-exploring this place.
 F = Levels seen in this place.
 G = Mean time per level.
                   A        B        C        D        E       F      G
               +--------+--------+--------+--------+--------+-----+--------+
         Total |  20971 |  19846 |   1125 |   5980 |   9857 |  14 | 1497.9 |
       Dungeon |  20523 |  19413 |   1110 |   5890 |   9778 |  12 | 1710.2 |
        Temple |     81 |     67 |     14 |      0 |     46 |   1 |   81.0 |
        Bailey |    367 |    367 |      0 |     90 |     32 |   1 |  367.0 |
               +--------+--------+--------+--------+--------+-----+--------+

Top non-repeatable levels by time:
     D:8: 3642 daAuts
     D:6: 2062 daAuts
    D:10: 1976 daAuts
     D:7: 1880 daAuts
    D:11: 1672 daAuts
     D:4: 1641 daAuts
     D:1: 1627 daAuts
     D:3: 1404 daAuts
     D:5: 1392 daAuts
     D:9: 1299 daAuts
     D:2: 1297 daAuts
    D:12: 625 daAuts
  Bailey: 367 daAuts
  Temple: 81 daAuts
